 Dungeon Crawl Stone Soup version 0.16-a0-3997-g61da7c2 (webtiles) character file.

494 timbw the Grappler (level 6, -7/59 HPs)
             Began as a Troll Monk on Feb 14, 2015.
             Mangled by an ogre
             ... wielding a +0 giant spiked club
              (22 damage)
             ... on level 3 of the Dungeon.
             The game lasted 00:03:06 (605 turns).

timbw the Grappler (Troll Monk)                      Turns: 605, Time: 00:03:07

Health: -7/59      AC: 10    Str: 20    XL:     6   Next: 92%
Magic:  3/3        EV: 10    Int:  6    God:
Gold:   147        SH:  0    Dex: 14    Spells: 0 memorised, 5 levels left

rFire  . . .     SeeInvis .       - Unarmed
rCold  . . .     Clarity  .     a - +0 robe (curse)
rNeg   . . .     SustAb   .     (shield restricted)
rPois  .         Gourm    +     (helmet restricted)
rElec  .         Spirit   .     (no cloak)
rCorr  .         Warding  .     (gloves unavailable)
rMut   .         Stasis   .     (boots unavailable)
MR     .....                    (no amulet)
Stlth  ++........               (no ring)
                                n - +5 ring of protection

@: starving, not resistant to hostile enchantments, unstealthy
A: unfitting armour, claws 3, fast metabolism 3, gourmand, regeneration 2,
shaggy fur 1, tough skin 2
a: no special abilities


You were on level 3 of the Dungeon.
You were starving.

You visited 1 branch of the dungeon, and saw 4 of its levels.
You also visited: Ossuary.

You collected 147 gold pieces.

Inventory:

Armour
 a - a cursed +0 robe (worn)
Jewellery
 n - a +5 ring of protection (left claw)
Scrolls
 d - a scroll of recharging {unknown}
 e - a scroll of immolation {unknown}
 f - a scroll of blinking {unknown}
 g - a scroll of remove curse {unknown}
 k - 3 scrolls of enchant weapon {unknown}
 l - 2 scrolls of identify {unknown}
 m - a scroll of amnesia {unknown}
Potions
 c - a potion of ambrosia {unknown}
 h - 2 potions of haste {unknown}
 i - 2 potions of cancellation {unknown}
 j - 4 potions of poison {unknown}
Comestibles
 b - 2 meat rations


   Skills:
 - Level 2.4 Fighting
 - Level 2.4 Dodging
 - Level 1.1 Stealth
 + Level 8.4 Unarmed Combat


You had 5 spell levels left.
You didn't know any spells.

Dungeon Overview and Level Annotations

Branches:
Dungeon (4/15)
 Temple: D:4-7

Altars:


Innate Abilities, Weirdness & Mutations

You are too large for most types of armour.
You have claws for hands.
Your metabolism is lightning-fast.
You like to eat raw meat.
You heal very quickly.
You are covered in fur (AC +1).
You have very tough skin (AC +2).


Message History

The ogre is moderately wounded.
The ogre barely misses you.
You see here a short sword.
You see here a scroll labeled FIJUWI LYNEHE.
You claw the ogre!
The ogre begins to bleed from its wounds!
The ogre is almost dead.
The ogre hits you with a giant spiked club!!
* * * LOW HITPOINT WARNING * * *
There is an escape hatch in the ceiling here.
A mysterious force pulls you upwards. The hatch slams shut behind you.
You hear the sound of rushing water.
There is an entrance to a sewer on this level.
Hurry and find it before the portal rusts away!
You hear the brisk rusting of a very distant drain.
Unknown command.
You barely miss the ogre.
The ogre is almost dead.
The ogre is no longer bleeding.
The ogre hits you with a giant spiked club!!
You die...

###
..#
#..
#.#
#.#
#@#
#O#
..#
##.#
..#
###


You could see an ogre.

Vanquished Creatures
  The ghost of Zuvim the Cudgeler, an average GrGl (D:4)
  A phantom (D:4)
  An elf zombie (Ossuary)
  2 human zombies (Ossuary)
  An iguana (D:4)
  A big kobold zombie (Ossuary)
  4 mummies (Ossuary)
  A hound zombie (Ossuary)
  A worm (D:2)
  2 adder zombies (Ossuary)
  An ooze (D:1)
  A bat (D:2)
  A hobgoblin (D:4)
  A goblin zombie (Ossuary)
  2 hobgoblin zombies (Ossuary)
  A kobold zombie (Ossuary)
  3 rats
  A rat zombie (Ossuary)
26 creatures vanquished.

Notes
Turn   | Place    | Note
--------------------------------------------------------------
     0 | D:1      | timbw, the Troll Monk, began the quest for the Orb.
     0 | D:1      | Reached XP level 1. HP: 22/22 MP: 1/1
    95 | D:2      | Reached XP level 2. HP: 26/29 MP: 1/1
   114 | D:2      | You fall through a shaft!
   121 | D:4      | Noticed a phantom
   137 | D:4      | Killed a phantom
   137 | D:4      | Reached skill level 5 in Unarmed Combat
   137 | D:4      | Reached XP level 3. HP: 14/36 MP: 2/2
   137 | D:4      | Reached XP level 4. HP: 17/44 MP: 2/2
   170 | D:4      | Reached skill level 6 in Unarmed Combat
   208 | D:4      | Found a sand-covered staircase.
   228 | Ossuary  | Entered an ossuary
   254 | Ossuary  | Reached XP level 5. HP: 37/50 MP: 2/2
   292 | Ossuary  | Reached skill level 7 in Unarmed Combat
   305 | Ossuary  | Reached XP level 6. HP: 10/59 MP: 3/3
   463 | D:4      | Noticed Zuvim's ghost (average GrGl)
   466 | D:4      | Noticed an ogre
   491 | D:4      | Killed Zuvim's ghost
   491 | D:4      | Reached skill level 8 in Unarmed Combat
   605 | D:3      | Mangled by an ogre

Action                   |  1- 3 |  4- 6 || total
-------------------------+-------+-------++-------
Melee: Unarmed           |    30 |    98 ||   128
